 Dungeon Crawl Stone Soup version 0.22-a0-848-ge9e22a0 (webtiles) character file.

985 Amnesiac the Digger (level 7, -1/46 HPs)
             Began as a Mummy Earth Elementalist on July 27, 2018.
             Slain by a bullfrog zombie (3 damage)
             ... on level 5 of the Dungeon.
             The game lasted 00:07:29 (3255 turns).

Amnesiac the Digger (Mummy Earth Elementalist)      Turns: 3255, Time: 00:07:30

Health: -1/46      AC:  2    Str: 12    XL:     7   Next: 97%
Magic:  0/16       EV: 12    Int: 20    God:
Gold:   243        SH:  0    Dex: 12    Spells: 4/19 levels left

rFire    x . .     SeeInvis .   e - +0 mace
rCold    + . .     Gourm    .   (no shield)
rNeg     + + +     Faith    .   c - +0 robe
rPois    ∞         Spirit   .   (no helmet)
rElec    .         Reflect  .   (no cloak)
rCorr    .         Harm     .   (no gloves)
MR       .....                  (no boots)
Stlth    ++........             i - amulet of magic regeneration
HPRegen  0.15/turn              (no ring)
MPRegen  0.40/turn              h - +4 ring of intelligence

@: very slightly contaminated
A: no food or potions, fire vulnerability, cold resistance 1, negative energy
resistance 3, torment resistance, unbreathing
a: no special abilities


You were on level 5 of the Dungeon.
You were not hungry.

You visited 1 branch of the dungeon, and saw 5 of its levels.

You collected 243 gold pieces.

Inventory:

Hand Weapons
 e - a +0 mace (weapon)
 n - a +2 dagger of venom
Missiles
 a - 14 sling bullets
Armour
 b - a +0 buckler
 c - a +0 robe (worn)
 d - a +0 shield
Jewellery
 f - an uncursed ring of see invisible
 h - a +4 ring of intelligence (right hand)
 i - an amulet of magic regeneration (around neck)
Scrolls
 g - 6 scrolls of teleportation {!r}
 j - 2 scrolls of remove curse {!r}
 k - 2 scrolls of enchant weapon {!r, unknown}
 l - a scroll of fear {!r, unknown}
 m - a scroll of blinking {!r}
 o - a scroll of immolation {!r, unknown}


   Skills:
 - Level 1.5 Dodging
 - Level 1.5 Stealth
 + Level 1.4 Shields
 + Level 6.6 Spellcasting
 - Level 0.7 Transmutations
 * Level 6.6 Earth Magic


You had 4 spell levels left.
You knew the following spells:

 Your Spells              Type           Power        Failure   Level  Hunger
a - Stone Arrow           Conj/Erth      ###...       8%          3    N/A
b - Passwall              Tmut/Erth      ###.....     3%          2    N/A
c - Sandblast             Erth           ####..       1%          1    N/A
d - Lee's Rapid Deconstr  Erth           ####......   19%         5    N/A
e - Petrify               Tmut/Erth      ###.....     22%         4    N/A

Your spell library contained the following spells:

 Spells                   Type           Power        Failure   Level  Hunger
 Apportation              Tloc           #.....       10%         1    N/A
 Summon Small Mammal      Summ           #...         10%         1    N/A
 Animate Skeleton         Necr           N/A          10%         1    N/A
 Confusing Touch          Hex            #.....       10%         1    N/A

Dungeon Overview and Level Annotations

Branches:
Dungeon (5/15)
 Temple: D:4-7

Altars:
Ru
Zin

Annotations:
D:2 exclusion: worker ant


Innate Abilities, Weirdness & Mutations

You do not eat or drink.
Your flesh is vulnerable to fire.
You are immune to poison.
Your flesh is cold resistant. (rC+)
You are immune to negative energy. (rN+++)
You are immune to unholy pain and torment.
You can survive without breathing.


Message History

You don't have enough magic to cast that spell.
The centaur skeleton hits you but does no damage.
Casting: Stone Arrow (safe; 8% risk of failure)
Confirm with . or Enter, or press ? or * to list all spells.
You don't have enough magic to cast that spell.
Casting: Stone Arrow (safe; 8% risk of failure)
Confirm with . or Enter, or press ? or * to list all spells.
You don't have enough magic to cast that spell.
You completely miss the centaur skeleton.
The centaur skeleton is almost destroyed.
The centaur skeleton hits you.
* * * LOW HITPOINT WARNING * * *
The centaur skeleton barely misses you.
You hit the centaur skeleton.
You destroy the centaur skeleton!
The bullfrog zombie hits you.
* * * LOW HITPOINT WARNING * * *
Casting: Stone Arrow (safe; 8% risk of failure)
Confirm with . or Enter, or press ? or * to list all spells.
Aiming: Stone Arrow (safe; 8% risk of failure)
Press: ? - help, Shift-Dir - straight line, f - bullfrog zombie
Aim: a bullfrog zombie The stone arrow hits the bullfrog zombie.
The bullfrog zombie is moderately damaged.
The bullfrog zombie barely misses you. The bullfrog zombie hits you.
* * * LOW HITPOINT WARNING * * *
Unknown command.
Found a ration.
The bullfrog zombie hits you.
* * * LOW HITPOINT WARNING * * *
You see here a ration.
You aren't carrying any items that you can evoke.
The bullfrog zombie hits you.
* * * LOW HITPOINT WARNING * * *
Casting: Stone Arrow (safe; 8% risk of failure)
Confirm with . or Enter, or press ? or * to list all spells.
Aiming: Stone Arrow (safe; 8% risk of failure)
Press: ? - help, Shift-Dir - straight line, f/p - bullfrog zombie
Aim: a bullfrog zombie (moderately damaged)
You miscast Stone Arrow.
You are very lightly contaminated with residual magic.
You feel gritty. The bullfrog zombie closely misses you.
Unknown command.
You hit the bullfrog zombie.
The bullfrog zombie is heavily damaged.
The bullfrog zombie hits you.
* * * LOW HITPOINT WARNING * * *
The bullfrog zombie barely misses you.
Unknown command.
You barely miss the bullfrog zombie.
The bullfrog zombie is heavily damaged.
The bullfrog zombie barely misses you. The bullfrog zombie hits you.
* * * LOW HITPOINT WARNING * * *
Unknown command.
Unknown command.
Casting: Stone Arrow (safe; 8% risk of failure)
Confirm with . or Enter, or press ? or * to list all spells.
Aiming: Stone Arrow (safe; 8% risk of failure)
Press: ? - help, Shift-Dir - straight line, f/p - bullfrog zombie
Aim: a bullfrog zombie (heavily damaged)
The stone arrow hits the bullfrog zombie.
The bullfrog zombie is almost destroyed.
The bullfrog zombie hits you.
You die...

#. #.......### #.
####......#
######.########..###.#
#........w.......# .#
#......########.## #
#..8... #.# #.....#
#.# #Z....#########w#
........@Z...%..#
#################


You could see a worm, a bullfrog zombie and a giant cockroach zombie.

Vanquished Creatures
  An ice beast (D:4)
  An ogre (D:5)
  A centaur (D:4)
  A scorpion (D:4)
  A howler monkey (D:4)
  A bullfrog zombie (D:5)
  2 orc priests (D:5)
  A centaur skeleton (D:5)
  2 hounds (D:4)
  5 orc wizards
  A gnoll shaman (D:4)
  An iguana (D:5)
  A worker ant (D:5)
  A worker ant zombie (D:5)
  5 adders
  11 gnolls
  A shadow imp (D:5)
  A worm (D:4)
  A dart slug (D:3)
  A leopard gecko (D:3)
  12 orcs
  6 bats
  2 giant cockroaches
  2 goblins
  7 hobgoblins
  8 jackals
  3 kobolds
  2 quokkas (D:2)
  2 ball pythons (D:1)
  3 frilled lizards
  A quokka skeleton (D:5)
  A rat (D:2)
89 creatures vanquished.

Notes
Turn   | Place    | Note
-------+----------+-------------------------------------------
     0 | D:1      | Amnesiac the Mummy Earth Elementalist began the quest for the Orb.
     0 | D:1      | Reached XP level 1. HP: 13/13 MP: 4/4
   407 | D:1      | Reached XP level 2. HP: 15/19 MP: 5/5
   435 | D:1      | Learned a level 2 spell: Passwall
   733 | D:2      | Reached XP level 3. HP: 18/24 MP: 0/7
   738 | D:2      | Learned a level 3 spell: Stone Arrow
  1107 | D:3      | Found a sacrificial altar of Ru.
  1128 | D:3      | Reached XP level 4. HP: 12/30 MP: 7/9
  1146 | D:3      | Learned a level 4 spell: Petrify
  1372 | D:3      | Reached XP level 5. HP: 15/35 MP: 8/11
  1868 | D:4      | Found a glowing silver altar of Zin.
  1988 | D:4      | Noticed a centaur
  1994 | D:4      | Noticed an ice beast
  2006 | D:4      | Killed an ice beast
  2006 | D:4      | Reached skill level 5 in Spellcasting
  2006 | D:4      | Reached skill level 5 in Earth Magic
  2006 | D:4      | Reached XP level 6. HP: 18/41 MP: 6/13
  2013 | D:4      | Learned a level 5 spell: Lee's Rapid Deconstruction
  2432 | D:4      | Got a sparkling platinum amulet
  2524 | D:4      | Identified the amulet "Cehaohif" {Acrobat *Drain Str+2 Int+3} (You found it on level 4 of the Dungeon)
  2791 | D:4      | Reached XP level 7. HP: 39/46 MP: 9/15
  2922 | D:5      | Entered Level 5 of the Dungeon
  3089 | D:5      | Reached skill level 1 in Shields
  3252 | D:5      | HP: 2/46 [bullfrog zombie (1)]
  3255 | D:5      | Slain by a bullfrog zombie

Vault maps used:
D:1:      scummos_arrival_simple_fountains
D:2:      uniq_sigmund, uniq_terence, uniq_robin
D:3:      nicolae_ru_great_annihilating_truth, guppyfry_early_lair_pool
D:4:      marbit_many_paths, first_ration
D:5:      tgw_xom, serial_shops, shop, serial_undead, serial_undead_e,
          serial_undead_d, serial_undead_b, serial_undead_b,
          portal_sewer_entry_b

Skill      XL: |  1  2  3  4  5  6  7 |
---------------+----------------------+-----
Earth Magic    | 3 4 5 6 |  6.6
Spellcasting   | 3 4 5 6 |  6.6
Shields        | 1 |  1.4
Dodging        | |  1.5
Stealth        | |  1.5
Transmutations | |  0.7

Action                   |  1- 3 |  4- 6 |  7- 9 || total
-------------------------+-------+-------+-------++-------
Melee: Mace              |    58 |    38 |    35 ||   131
       Unarmed           |     3 |       |       ||     3
 Cast: Sandblast         |    32 |    56 |     4 ||    92
       Stone Arrow       |       |       |    23 ||    23
       Passwall          |       |       |    11 ||    11
       Lee's Rapid Decon |       |       |     4 ||     4
  Use: Scroll            |       |     4 |       ||     4
 Stab: Sleeping          |     4 |       |       ||     4
Armor: Robe              |    15 |     9 |     4 ||    28
Dodge: Dodged            |    66 |    43 |    32 ||   141

Table legend:
 A = Spawn XP
 B = Non-spawn XP
 C = Spawn XP percentage of total XP
 D = Spawn monster count
 E = Non-spawn monster count
 F = Spawn count percentage of total count
 G = Total turns spent on level
                    A         B        C        D         E        F      G
               +---------+---------+-------+---------+---------+-------+---------
         Total |       0 |    1408 |   0.0 |       0 |      89 |   0.0 |  3255
               +---------+---------+-------+---------+---------+-------+---------
           D:1 |       0 |      14 |   0.0 |       0 |       9 |   0.0 |   553
           D:2 |       0 |      29 |   0.0 |       0 |      10 |   0.0 |   270
           D:3 |       0 |     196 |   0.0 |       0 |      27 |   0.0 |   885
           D:4 |       0 |     637 |   0.0 |       0 |      23 |   0.0 |  1214
           D:5 |       0 |     532 |   0.0 |       0 |      20 |   0.0 |   333
               +---------+---------+-------+---------+---------+-------+---------
